 Dungeon Crawl Stone Soup version 0.24.0-123-gd5b16e6ec5 (webtiles) character file.

Game seed: 7255532265848678458, levelgen mode: deterministic

28 hazymike the Gusty (level 3, -3/33 HPs)
             Began as an Ogre Air Elementalist on Feb 7, 2020.
             Slain by Crazy Yiuf
             ... wielding a +4 quarterstaff of chaos
              (14 damage)
             ... on level 2 of the Dungeon.
             The game lasted 00:12:08 (1311 turns).

hazymike the Gusty (Ogre Air Elementalist)          Turns: 1311, Time: 00:12:08

Health: -3/33      AC:  3    Str: 12    XL:     3   Next: 12%
Magic:  3/6        EV: 10    Int: 17    God:
Gold:   34         SH:  0    Dex:  9    Spells: 4/7 levels left

rFire    . . .     SeeInvis .   a - +2 short sword (drain)
rCold    . . .     Gourm    .   (no shield)
rNeg     . . .     Faith    .   g - +0 robe
rPois    .         Spirit   .   (helmet restricted)
rElec    .         Reflect  .   (no cloak)
rCorr    .         Harm     .   (gloves unavailable)
MR       .....                  (boots unavailable)
Stlth    +.........             (no amulet)
HPRegen  0.11/turn              (no ring)
MPRegen  0.10/turn              (no ring)

@: sluggish, slowed, lightly drained, very slow
A: large, unfitting armour, tough skin 1
a: no special abilities


You were on level 2 of the Dungeon.
You were hungry.

You visited 1 branch of the dungeon, and saw 2 of its levels.

You collected 34 gold pieces.

Inventory:

Hand Weapons
 a - a +2 short sword of draining (weapon)
Missiles
 h - 20 stones (quivered)
Armour
 d - a +0 large shield
 g - a +0 robe (worn)
Comestibles
 c - a ration
 f - 4 chunks of flesh


   Skills:
 + Level 1.1(0.9) Fighting
 + Level 2.0(1.7) Dodging
 + Level 1.6(1.3) Stealth
 + Level 0.1(0.0) Shields
 + Level 2.6(2.3) Spellcasting
 + Level 1.1(0.8) Conjurations
 + Level 0.3(0.0) Charms
 * Level 3.0(2.7) Air Magic


You had 4 spell levels left.
You knew the following spells:

 Your Spells              Type           Power        Failure   Level  Hunger
a - Shock                 Conj/Air       #...         9%          1    #......
b - Swiftness             Chrm/Air       #.......     16%         2    ##.....

Your spell library contained the following spells:

 Spells                   Type           Power        Failure   Level  Hunger
 Static Discharge         Conj/Air       #.......     26%         3    ###....
 Airstrike                Air            ##........   52%         4    #####..
 Lightning Bolt           Conj/Air       #.........   94%         5    ######.


Dungeon Overview and Level Annotations

Branches:
Dungeon (2/15)

Altars:

Annotations:
D:2 Crazy Yiuf


Innate Abilities, Weirdness & Mutations

You are too large for most types of armour.
You have tough skin. (AC +1)


Message History

Crazy Yiuf hits you with a +4 quarterstaff of chaos.
You are more poisoned.
Casting: Shock (safe; 8% risk of failure)
Confirm with . or Enter, or press ? or * to list all spells.
Aiming: Shock (safe; 8% risk of failure)
Press: ? - help, Shift-Dir - straight line The zap hits Crazy Yiuf but does no damage.
Crazy Yiuf is severely wounded.
The zap hits Crazy Yiuf.
Crazy Yiuf is severely wounded.
You start to feel a little faster.
* * * LOW HITPOINT WARNING * * *
You feel very sick.
Crazy Yiuf hits you with a +4 quarterstaff of chaos.
* * * LOW HITPOINT WARNING * * *
You feel drained.
* * * LOW HITPOINT WARNING * * *
It was a potion of curing.
You feel better.
Crazy Yiuf hits you with a +4 quarterstaff of chaos!
You die...

###### #...<#
#.####.# #......#
##@##### #g# #.##
♣♣♣♣♣##..# ###
♣♣♣.♣....#.#
#...#♣..♣.......#
#...'.♣♣♣♣......#
#)..#♣♣ ♣♣....##
### ♣♣####


You could see Crazy Yiuf.

Vanquished Creatures
  A dart slug (D:1)
  2 ball pythons (D:1)
  2 giant cockroaches (D:1)
  5 goblins (D:1)
  4 hobgoblins (D:1)
  7 kobolds (D:1)
  A frilled lizard (D:1)
  2 rats (D:1)
24 creatures vanquished.

Notes
Turn   | Place    | Note
-------+----------+-------------------------------------------
     0 | D:1      | hazymike the Ogre Air Elementalist began the quest for the
                  | Orb.
     0 | D:1      | Reached XP level 1. HP: 16/16 MP: 3/3
   342 | D:1      | Reached skill level 1 in Conjurations
   382 | D:1      | Reached XP level 2. HP: 26/26 MP: 3/5
   386 | D:1      | Learned a level 2 spell: Swiftness
   686 | D:1      | Reached skill level 3 in Air Magic
   862 | D:1      | Reached skill level 1 in Fighting
  1075 | D:1      | Reached XP level 3. HP: 33/33 MP: 4/6
  1289 | D:2      | Found a runed translucent door.
  1290 | D:2      | Noticed Crazy Yiuf
  1308 | D:2      | HP: 1/33 [poisoned by Crazy Yiuf]
  1311 | D:2      | Slain by Crazy Yiuf

Levels and vault maps discovered:
D:1:      dpeg_arrival_line_fractal, layout_basic
D:2:      layout_basic, lemuel_doored_altar, first_ration, minmay_pentomino_x2,
          uniq_crazy_yiuf_cottage

Skill      XL: |  1  2 |
---------------+-------+-----
Conjurations   | 1 |  1.1
Air Magic      | 3 |  3.0
Fighting       | 1 |  1.1
Dodging        | 2 |  2.0
Stealth        | |  1.6
Shields        | |  0.1
Spellcasting   | |  2.6
Charms         | |  0.3

Action                   || total
-------------------------++-------
Melee: Unarmed           ||    11
 Cast: Shock             ||    41
       Swiftness         ||     1
  Use: Potion            ||     2
  Eat: Chunk             ||     1
Armor: Robe              ||     3
Dodge: Dodged            ||    14
